cohdb
Replays
Latest Replays
All Replays
Popular Replays
Top Player Replays
Match Explorer
How It Works
Community
CoH3 Stats
Reddit
Sign in to upload your games and track your stats! →
Sign in with Steam
Match 45749431
Unlisted
Match 45749431
Overview
Messages
Build Orders
End
Construct Barracks
Selects Special Operations Battlegroup
Selects M29 Weasel Recon Vehicle
M29 Weasel Recon Vehicle
Riflemen Squad
Riflemen Squad
Infantry Support Center
Riflemen Squad
Construct Weapon Support Center
Construct Medical Station
M3 Armored Personnel Carrier
Engineer Squad
Grenade Package
M1918 Browning Automatic Rifles
M3 Armored Personnel Carrier
Advanced Logistics
Selects Mark Vehicle
Selects UNKNOWN (2162291)
Selects Raiding Flares
Selects SSF Commando Squad
SSF Commando Squad
Mark Vehicle
Construct Tank Depot
Selects Air Re-supply Operation
SSF Commando Squad
Improved M9 Bazooka Rockets
M4A1 Sherman Whizbang
M3 Armored Personnel Carrier
M4A1 Sherman Whizbang
Mark Vehicle
M4A1 Sherman Medium Tank
Mark Vehicle
Riflemen Squad
DebaKLeTV
MightySwift
Rowdy
vonClausewitz
0
0
Comments
sign in to comment!
No comments posted yet!